 Dungeon Crawl Stone Soup version 0.30.1-9-gdf580d7c3d (webtiles) character file.

Game seed: 14734496693090713096

22888 KittyFluff the Protected (level 13, -8/123 HPs)
             Began as a Gargoyle Berserker on Oct 9, 2023.
             Was a High Priest of Trog.
             Mangled by a polar bear (15 damage)
             ... on level 2 of the Lair of Beasts.
             The game lasted 01:03:59 (12670 turns).

KittyFluff the Protected (Gargoyle Berserker)      Turns: 12670, Time: 01:03:59

Health: -8/123     AC: 26    Str: 35    XL:     13   Next: 3%
Magic:  13/13      EV: 13    Int:  9    God:    Trog [*****.]
Gold:   755        SH: 11    Dex: 11    Spells: 12/12 levels left

rFire   . . .        s - +2 hammer (heavy)
rCold   . . .        W - +0 kite shield
rNeg    + . .        I - +0 acid dragon scales
rPois   ∞            h - +0 helmet
rElec   +            r - +2 cloak {Will+}
rCorr   +            (no gloves)
SInv    .            B - +0 pair of boots
Will    +....        z - amulet of reflection Stlth
                     O - +6 ring of strength
HPRegen 0.40/turn    m - +6 ring of strength
MPRegen 0.13/turn

%: reflection
@: berserking, very quick
A: sickness immunity, AC +9, negative energy resistance 1, electricity
resistance, torment resistance 1, petrification resistance
a: Renounce Religion, Berserk, Trog's Hand, Brothers in Arms


You were on level 2 of the Lair of Beasts.
You worshipped Trog.
Trog was extremely pleased with you.
You visited 2 branches of the dungeon, and saw 13 of its levels.
You also visited: Sewer and Ossuary.

You collected 875 gold pieces.
You spent 120 gold pieces at shops.

Inventory:

Hand Weapons
 s - a +2 heavy hammer (weapon)
 E - the +8 shortbow of Irritation {elec, rC+ Int+3 SInv}
   (You bought it in a shop on level 5 of the Dungeon)

   Int:       It affects your intelligence (+3).
   rC:        It protects you from cold.
   SInv:      It lets you see invisible.
 K - a +4 flail
 R - a +1 heavy great mace
 T - a +4 mace of freezing
 V - a +0 morningstar
 X - a +5 quarterstaff
Missiles
 e - 49 poisoned darts (quivered)
 l - 4 javelins
 x - 2 curare-tipped darts
 Q - 8 boomerangs
Armour
 h - a +0 helmet (worn)
 j - a +2 scale mail of poison resistance
 r - a +2 cloak of willpower (worn)
 B - a +0 pair of boots (worn)
 I - +0 acid dragon scales (worn)
 W - a +0 kite shield (worn)
Jewellery
 m - a +6 ring of strength (right hand)
 q - a ring of willpower
 t - a ring of willpower
 z - an amulet of reflection (around neck)
 M - a ring of see invisible
 O - a +6 ring of strength (left hand)
 S - a ring of protection from cold
Wands
 a - a wand of flame (6)
 d - a wand of roots (5)
 k - a wand of quicksilver (5)
 F - a wand of charming (16)
 U - a wand of polymorph (6)
 Z - a wand of digging (8)
Scrolls
 c - 6 scrolls of teleportation {unknown}
 f - 2 scrolls of brand weapon
 i - a scroll of immolation
 o - a scroll of fog
 p - a scroll of summoning
 v - 2 scrolls of silence {unknown}
 y - 2 scrolls of blinking {unknown}
 C - 5 scrolls of poison
 G - 2 scrolls of enchant weapon
 Y - a scroll of magic mapping
Potions
 b - 2 potions of might
 g - a potion of flight {unknown}
 n - 7 potions of curing
 u - 7 potions of heal wounds
 w - 2 potions of haste {unknown}
 A - a potion of mutation {unknown}
 D - a potion of berserk rage {unknown}
 H - 2 potions of resistance {unknown}
 J - 5 potions of lignification {unknown}
 L - 3 potions of cancellation {unknown}
 N - a potion of ambrosia {unknown}
 P - a potion of attraction {unknown}


   Skills:
 + Level 10.2 Fighting
 * Level 12.9 Maces & Flails
 * Level 13.7 Armour
 + Level 7.6 Dodging


You had 12 spell levels left.
You didn't know any spells.
Your spell library was empty.

Dungeon Overview and Level Annotations

Branches:
Dungeon (11/15)            Temple (0/1) D:7            Lair (2/5) D:8
  Swamp (0/4) Lair:2        Snake (0/4) Lair:2        Sewer (visited)
Ossuary (visited)
    Orc: D:9-12

Altars:
Ashenzari
Cheibriados
Elyvilon
Gozag
Makhleb
Nemelex Xobeh
Uskayaw
Vehumet

Shops:
D:5 (


Innate Abilities, Weirdness & Mutations

You are immune to sickness and miasma.
Your stone body is resilient. (AC +9)
You are immune to poison.
You resist negative energy. (rN+)
You are resistant to electric shocks. (rElec)
You are resistant to unholy torment.
You are immune to petrification.


Message History

You feel yourself moving faster!
You feel mighty!
The polar bear bites you but does no damage.
The polar bear claws you but does no damage.
You block the polar bear's attack. The polar bear closely misses you. x2
You block the polar bear's attack. The death yak gores you!!
* * * LOW HITPOINT WARNING * * *
The polar bear bites you but does no damage.
The polar bear claws you but does no damage.
The polar bear misses you.
You sock the death yak!
The death yak is lightly wounded.
You block the polar bear's attack.
The polar bear claws you but does no damage.
The polar bear claws you.
* * * LOW HITPOINT WARNING * * *
You bludgeon the death yak!!
The death yak is heavily wounded.
The polar bear closely misses you. The polar bear completely misses you.
The polar bear claws you.
* * * LOW HITPOINT WARNING * * *
The death yak closely misses you. You block the polar bear's attack.
The polar bear claws you but does no damage.
You block the polar bear's attack.
You hit the death yak.
The death yak is heavily wounded.
The polar bear bites you!
* * * LOW HITPOINT WARNING * * *
You block the polar bear's attack.
The polar bear claws you but does no damage.
You block the polar bear's attack. The polar bear closely misses you. x2
You block the death yak's attack.
You bludgeon the death yak!!
The death yak is severely wounded.
You block the polar bear's attack. x2
The polar bear claws you but does no damage.
The polar bear closely misses you.
The polar bear claws you but does no damage.
The polar bear misses you. The death yak completely misses you.
The polar bear bites you!
You die...

.........#.........##.........#..
....[..............##....<.......
.................................
...........................^.....
.................................
.................................
........#........................
........##.......h...............
................@h...............
........#........Y.....##........
........#........................
.........#.#........#............
........## ##...÷..###...........
####.#### #.#......#P..........
#..P..~♣ ##.......#............
♣~P~..P.♣###.....................
~~♣♣.♣♣.♣#.....#.................


You could see a death yak and 2 polar bears.

Vanquished Creatures
  A hydra (D:8)
  A two-headed ogre (D:10)
  A death yak (Lair:2)
  A fire crab (D:8)
  A skyshark (Lair:2)
  Lodul (D:10)
  A black mamba (Lair:2)
  Maggie (Lair:1)
  A gargoyle (D:10)
  3 cane toads
  2 rime drakes (Lair:1)
  3 komodo dragons (Lair:2)
  Psyche (D:9)
  3 ice devils (Lair:2)
  Prince Ribbit (Lair:1)
  Grinder (Sewer)
  2 polar bears (Lair:2)
  3 blink frogs
  2 dream sheep (D:8)
  Grum (D:10)
  33 yaks
  2 wraiths
  A death yak simulacrum (Lair:2)
  A steam dragon (D:8)
  2 nagas (Lair:2)
  12 water moccasins
  3 acid dragons
  A hornet zombie (Ossuary)
  4 orc warriors
  2 ice beasts
  2 sky beasts (D:7)
  8 ogres
  8 wolves
  A centaur (D:9)
  2 phantoms
  6 kobold brigands
  2 gnoll sergeants
  4 water moccasin zombies (Ossuary)
  2 scorpions
  10 bullfrogs
  A wyvern zombie (Ossuary)
  An elf skeleton (D:6)
  13 wights
  8 howler monkeys
  An electric eel (Lair:1)
  2 human zombies (D:6)
  10 bullfrog zombies (Ossuary)
  5 orc priests
  A jelly (D:5)
  Crazy Yiuf (D:3)
  3 hounds
  An iguana (D:4)
  15 mummies (Ossuary)
  2 sleepcaps
  2 human skeletons (D:6)
  7 orc wizards
  A spriggan simulacrum (Lair:2)
  2 killer bee zombies (Ossuary)
  3 howler monkey zombies (Ossuary)
  4 adders
  11 gnolls
  6 shadow imps (Sewer)
  2 white imps (Lair:2)
  5 ufetubi (Sewer)
  4 worms
  2 dart slugs (D:2)
  23 orcs
  5 ball pythons
  11 bats
  11 endoplasms
  6 giant cockroaches
  4 goblins
  3 hobgoblins
  9 jackals
  27 kobolds
  5 quokkas
  2 frilled lizards (D:2)
  An orc zombie (D:6)
  6 rats
363 creatures vanquished.

Vanquished Creatures (others)
  An orc wizard (D:7)
  An orc (D:9)
2 creatures vanquished.

Grand Total: 365 creatures vanquished

Notes
Turn   | Place    | Note
-------+----------+-------------------------------------------
     0 | D:1      | KittyFluff the Gargoyle Berserker began the quest for the
                  | Orb.
     0 | D:1      | Reached XP level 1. HP: 14/14 MP: 1/1
   215 | D:1      | Reached XP level 2. HP: 18/19 MP: 2/2
   889 | D:2      | Reached XP level 3. HP: 23/23 MP: 3/3
  1025 | D:2      | Found a burning altar of Makhleb.
  1147 | D:2      | Reached skill level 3 in Armour
  1475 | D:2      | Reached ** piety under Trog
  1601 | D:2      | Reached XP level 4. HP: 24/29 MP: 4/4
  1951 | D:3      | Found a runed translucent door.
  1952 | D:3      | Noticed Crazy Yiuf
  2147 | D:3      | Killed Crazy Yiuf
  2148 | D:3      | Reached XP level 5. HP: 33/33 MP: 5/5
  2449 | D:4      | Noticed an ogre
  2456 | D:4      | Killed an ogre
  2457 | D:4      | Reached skill level 4 in Armour
  2457 | D:4      | Reached XP level 6. HP: 16/38 MP: 6/6
  2583 | D:4      | Found a glowing drain.
  2588 | Sewer    | Entered a sewer
  2721 | Sewer    | Noticed Grinder
  2725 | Sewer    | Reached *** piety under Trog
  2739 | Sewer    | Reached skill level 5 in Maces & Flails
  2748 | Sewer    | Killed Grinder
  2749 | Sewer    | Reached skill level 5 in Armour
  2749 | Sewer    | Reached XP level 7. HP: 33/44 MP: 7/7
  2917 | Sewer    | Found an ancient bone altar of Kikubaaqudgha.
  3378 | D:4      | Reached skill level 5 in Fighting
  3580 | D:5      | Entered Level 5 of the Dungeon
  3594 | D:5      | Reached XP level 8. HP: 49/49 MP: 8/8
  3706 | D:5      | Reached skill level 6 in Armour
  4003 | D:5      | Found Leyvuzel's Antique Weapon Shop.
  4006 | D:5      | Bought a steaming shortbow for 120 gold pieces
  4006 | D:5      | Identified the +8 shortbow of Irritation {elec, rC+ Int+3
                  | SInv} (You bought it in a shop on level 5 of the Dungeon)
  4035 | D:5      | Found a hide-covered altar of Uskayaw.
  4283 | D:5      | Reached **** piety under Trog
  4643 | D:6      | Reached skill level 7 in Armour
  4743 | D:6      | Found a sand-covered staircase.
  4751 | Ossuary  | Entered an ossuary
  4782 | Ossuary  | Reached XP level 9. HP: 54/55 MP: 9/9
  4968 | Ossuary  | Reached ***** piety under Trog
  4977 | Ossuary  | Reached skill level 8 in Armour
  5618 | D:6      | Found an opulent altar of Gozag.
  6068 | D:7      | Reached XP level 10. HP: 56/61 MP: 8/10
  6068 | D:7      | Received a gift from Trog
  6077 | D:7      | Reached skill level 9 in Armour
  6363 | D:7      | Reached skill level 5 in Dodging
  6519 | D:7      | Found a staircase to the Ecumenical Temple.
  6599 | D:8      | Found a staircase to the Lair.
  6601 | D:8      | Noticed a fire crab
  6614 | D:8      | Killed a fire crab
  7025 | D:8      | Noticed a two-headed hydra
  7036 | D:8      | Killed a two-headed hydra
  7037 | D:8      | Reached skill level 10 in Armour
  7094 | D:8      | Identified the +5 halberd of Guilt {heavy, Int+3}
  7574 | D:8      | Reached skill level 10 in Maces & Flails
  7620 | D:8      | Found a broken altar of Ashenzari.
  7636 | D:8      | Reached XP level 11. HP: 61/68 MP: 8/11
  7850 | D:9      | Noticed Psyche
  7864 | D:9      | Killed Psyche
  8254 | D:9      | Found a sparkling altar of Nemelex Xobeh.
  8674 | D:9      | Reached skill level 11 in Armour
  8962 | D:10     | Entered Level 10 of the Dungeon
  9318 | D:10     | Noticed a two-headed ogre
  9327 | D:10     | Killed a two-headed ogre
  9355 | D:10     | Found a snail-covered altar of Cheibriados.
  9525 | D:10     | Found a radiant altar of Vehumet.
  9618 | D:10     | Noticed Lodul
  9629 | D:10     | Killed Lodul
  9642 | D:10     | Received a gift from Trog
  9801 | D:10     | Noticed Grum
  9841 | D:10     | Killed Grum
  9849 | D:10     | Reached skill level 12 in Armour
 10018 | D:10     | Found a white marble altar of Elyvilon.
 10453 | Lair:1   | Entered Level 1 of the Lair of Beasts
 10520 | Lair:1   | Reached XP level 12. HP: 64/76 MP: 12/12
 11004 | Lair:1   | Noticed Maggie
 11018 | Lair:1   | Killed Maggie
 11202 | Lair:2   | Noticed Prince Ribbit
 11215 | Lair:1   | Killed Prince Ribbit
 11608 | Lair:2   | Found a staircase to the Snake Pit.
 11728 | Lair:2   | Found a staircase to the Swamp.
 11776 | Lair:2   | Reached skill level 13 in Armour
 12132 | Lair:2   | Noticed a death yak
 12155 | Lair:2   | Killed a death yak
 12156 | Lair:2   | Reached skill level 10 in Fighting
 12251 | Lair:2   | Noticed a skyshark
 12263 | Lair:2   | Killed a skyshark
 12552 | Lair:2   | Reached XP level 13. HP: 66/82 MP: 13/13
 12670 | Lair:2   | Mangled by a polar bear

Illustrated notes

Levels and vault maps discovered:
D:1:      ebering_hopf_link, layout_basic
D:2:      layout_loops_corners, basic_altar, minmay_worlds_worst_comb
D:3:      layout_basic, uniq_crazy_yiuf_cottage
D:4:      layout_basic, portal_sewer_entry_e, grunt_decor_one_mirror
D:5:      layout_basic, nicolae_uskayaw_dance_hall, serial_shops,
          kennysheep_mini_moat
D:6:      layout_basic, mainiacjoe_overflow_alcove_2,
          nicolae_ossuary_entry_catacombs
D:7:      layout_loops_ring, temple_hall, hangedman_abyss_or_decor_stabs
D:8:      layout_loops_ring, nicolae_ashenzari_panopticon,
          minmay_lair_entry_lava, hangedman_ranch
D:9:      layout_basic, nemelex_xobeh_ov_fountains_minmay, uniq_psyche
D:10:     layout_roguey, slow_altar_1, nicolae_elyvilon_peaceful_grove,
          mainiacjoe_overflow_alcove_4, hive_lemuel, uniq_grum, uniq_lodul
D:11:     layout_small_grid, serial_shops, shop
Lair:1:   layout_roguey, st_stairs_9, beast_lair_carwin_7, serial_bayou_shore_a,
          grunt_megastairs_3, infiniplex_staircase_pool_2, uniq_maggie
Lair:2:   dreamdust_isle_of_ice, layout_hall_layers, swamp_mist,
          guppyfry_snake_entry_garden, serial_bayou_shore_b,
          infiniplex_staircase_pool, uniq_prince_ribbit2

Skill      XL: |  1  2  3  4  5  6  7  8  9 10 11 12 |
---------------+-------------------------------------+-----
Armour         | 3 4 5 7 8 10 12 13 | 13.7
Dodging        | 2 3 4 5 6 7 |  7.6
Maces & Flails | 4 5 6 7 8 10 11 12 | 12.9
Fighting       | 4 5 6 8 9 10 | 10.2

Action                     |  1- 3 |  4- 6 |  7- 9 | 10-12 | 13-15 || total
---------------------------+-------+-------+-------+-------+-------++-------
  Melee: Mace              |   123 |   161 |   326 |   656 |    18 ||  1284
         Punch             |     1 |     1 |     6 |     3 |       ||    11
   Fire: Shortbow          |       |       |    27 |       |       ||    27
  Throw: Dart              |       |     1 |       |     5 |       ||     6
 Invoke: Berserk           |       |     1 |     1 |     7 |     1 ||    10
    Use: Scroll            |       |       |    10 |     8 |       ||    18
 Armour: Animal skin       |    25 |       |       |       |       ||    25
         Leather armour    |    38 |    98 |   157 |       |       ||   293
         Acid dragon scale |       |       |    37 |   370 |    17 ||   424
  Dodge: Dodged            |    89 |   136 |   254 |   410 |    23 ||   912
  Block: Kite shield       |       |       |       |   267 |    25 ||   292
         Other             |       |       |       |     5 |       ||     5
         Reflection        |       |       |       |     5 |       ||     5
